 Dungeon Crawl Stone Soup version 0.31-a0-426-g3a05650e59 (webtiles) character file.

Game seed: 10524009942919194986

401 randomguy2701 the Chopper (level 6, -2/56 HPs)
             Began as a Minotaur Fighter on July 30, 2023.
             Was an Initiate of Makhleb.
             Killed from afar by a white imp (12 damage)
             ... with a puff of frost
             ... on level 5 of the Dungeon.
             The game lasted 00:04:47 (3010 turns).

randomguy2701 the Chopper (Minotaur Fighter)        Turns: 3010, Time: 00:04:47

Health: -2/56      AC: 16    Str: 23    XL:     6   Next: 54%
Magic:  5/5        EV:  6    Int: 11    God:    Makhleb [......]
Gold:   204        SH:  4    Dex:  9    Spells: 5/5 levels left

rFire   . . .        a - +0 war axe
rCold   . . .        c - +0 buckler
rNeg    . . .        r - +0 plate armour
rPois   .            (helmet restricted)
rElec   .            (no cloak)
rCorr   .            (no gloves)
SInv    .            (no boots)
Will    .....        (no amulet) Stlth
                     l - +4 ring of protection
HPRegen 0.29/turn    k - +6 ring of intelligence
MPRegen 0.09/turn

%: no passive effects
@: no status effects
A: horns 2, retaliatory headbutt
a: Renounce Religion


You were on level 5 of the Dungeon.
You worshipped Makhleb.
Makhleb was noncommittal.
You visited 1 branch of the dungeon, and saw 5 of its levels.

You collected 204 gold pieces.

Inventory:

Hand Weapons
 a - a +0 war axe (weapon)
Armour
 c - a +0 buckler (worn)
 r - a +0 plate armour (worn)
Jewellery
 k - a +6 ring of intelligence (right hand)
 l - a +4 ring of protection (left hand)
 o - a ring of fire
 v - a ring of see invisible
Wands
 b - a wand of iceblast (8)
Scrolls
 f - 2 scrolls of fear
 g - a scroll of blinking {unknown}
 i - 2 scrolls of noise {unknown}
 p - 2 scrolls of identify {unknown}
 q - a scroll of torment {unknown}
 s - a scroll of enchant armour {unknown}
 t - a scroll of teleportation {unknown}
 u - a scroll of vulnerability {unknown}
Potions
 d - a potion of might
 e - a potion of haste {unknown}
 h - a potion of heal wounds {unknown}
 j - a potion of ambrosia {unknown}
 m - a potion of invisibility {unknown}
 n - 2 potions of curing {unknown}


   Skills:
 + Level 5.2 Fighting
 + Level 5.7 Axes
 + Level 5.4 Armour
 + Level 1.2 Dodging
 - Level 0.1 Stealth
 + Level 4.2 Shields


You had 5 spell levels left.
You didn't know any spells.
Your spell library contained the following spells:

 Spells                   Type           Power      Damage    Failure   Level
 Ensorcelled Hibernation  Hex/Ice        0%         N/A       100%        2
 Lesser Beckoning         Tloc           0%         N/A       100%        2
 Passwall                 Tmut/Erth      0%         N/A       100%        2
 Frozen Ramparts          Ice            0%         1d1       100%        3
 Gell's Gravitas          Tloc           0%         N/A       100%        3
 Swiftness                Air            0%         N/A       100%        3
 Teleport Other           Tloc           0%         N/A       100%        3
 Petrify                  Tmut/Erth      0%         N/A       100%        4
 Metabolic Englaciation   Hex/Ice        0%         N/A       100%        5


Dungeon Overview and Level Annotations

Branches:
Dungeon (5/15)
 Temple: D:4-7

Altars:
Fedhas
Makhleb
Trog
Uskayaw
Wu Jian


Innate Abilities, Weirdness & Mutations

You have a pair of horns on your head.
You reflexively headbutt those who attack you in melee.


Message History

No target in view!
No target in view!
No target in view!
You now have 204 gold pieces (gained 15).
As you open the door, it creaks loudly!
You hear a shout!
Found a war axe.
An ogre comes into view. It is wielding a +0 giant club.
There is an open door here.
An ogre is nearby!
An ogre is nearby!
A white imp comes into view.
An iguana comes into view.
The white imp gestures at you. You block the puff of frost.
Found a red potion.
The iguana hisses angrily.
An orc comes into view. It is wielding a +0 flail.
You closely miss the ogre.
The orc shouts!
The ogre hits you with a +0 giant club!
You slash the ogre!
The ogre is moderately wounded.
The white imp shouts, "Flounder, thou fobbing toot-wallowing harpy!"
The ogre hits you with a +0 giant club!!
There is an open door here.
The white imp gestures at you. The puff of frost hits you!
* * * LOW HITPOINT WARNING * * *
You close the door.
An ogre opens the door.
You open the door.
Found a stone staircase leading down.
The white imp attacks as you move away!
The white imp hits you but does no damage.
There is an open door here.
The white imp gestures at you. The puff of frost hits you.
* * * LOW HITPOINT WARNING * * *
The white imp gestures at you. The puff of frost hits you!
You die...

......#####..........#
..........#..........#
...)......'..........#
.......##.#.O....)...#
....... #...#l####'###
....... ###.#5# #...#
....... #.#.######.#
######. #.#.##.....###
#. #..@##...†...# #.
##..########.# ....>
#.# #####.# #.# .# #.#
.# #.# .# #.# .# #<#
###


You could see an ogre, an iguana and a white imp.

Vanquished Creatures
  A phantom (D:4)
  A scorpion (D:5)
  2 hounds (D:4)
  Ijyb (D:4)
  Robin (D:3)
  2 gnolls (D:1)
  5 adders
  A white imp (D:5)
  A worm (D:3)
  A dart slug (D:2)
  An orc (D:5)
  8 bats
  5 endoplasms
  2 giant cockroaches
  15 goblins
  14 hobgoblins
  12 kobolds
  A quokka (D:2)
  7 ball pythons
  5 frilled lizards
  4 rats
90 creatures vanquished.

Notes
Turn   | Place    | Note
-------+----------+-------------------------------------------
     0 | D:1      | randomguy2701 the Minotaur Fighter began the quest for the
                  | Orb.
     0 | D:1      | Reached XP level 1. HP: 19/19 MP: 0/0
    27 | D:1      | Reached XP level 2. HP: 28/28 MP: 1/1
   355 | D:1      | Reached XP level 3. HP: 34/34 MP: 2/2
   439 | D:1      | Found a faded altar of an unknown god.
  1224 | D:2      | Reached XP level 4. HP: 41/41 MP: 3/3
  1350 | D:3      | Found a bloodstained altar of Trog.
  1399 | D:3      | Noticed Robin
  1407 | D:3      | Killed Robin
  2063 | D:4      | Reached XP level 5. HP: 47/47 MP: 4/4
  2069 | D:4      | Found a hide-covered altar of Uskayaw.
  2076 | D:4      | Noticed Ijyb
  2089 | D:4      | Killed Ijyb
  2090 | D:4      | Reached skill level 1 in Dodging
  2269 | D:4      | Found a blossoming altar of Fedhas.
  2360 | D:4      | Found an ornate altar of the Wu Jian Council.
  2540 | D:4      | Noticed a phantom
  2554 | D:4      | Killed a phantom
  2555 | D:4      | Reached skill level 5 in Fighting
  2555 | D:4      | Reached skill level 5 in Axes
  2555 | D:4      | Reached skill level 5 in Armour
  2555 | D:4      | Reached XP level 6. HP: 46/56 MP: 5/5
  2621 | D:4      | Found a burning altar of Makhleb.
  2828 | D:4      | Became a worshipper of Makhleb the Destroyer
  2912 | D:5      | Entered Level 5 of the Dungeon
  3010 | D:5      | Killed from afar by a white imp

Illustrated notes

Levels and vault maps discovered:
D:1:      roderic_crossed_star, layout_loops_ring, basic_ecumenical_altar,
          minmay_misc_feat_enclosed, minmay_misc_feat_roman,
          nicolae_grassy_gnolls
D:2:      layout_loops_ring
D:3:      layout_loops_ring, mainiacjoe_overflow_cross_hatched,
          grunt_ministairs_3, uniq_robin
D:4:      layout_basic, pdpol_wu_jian_five_deadly_venoms,
          nicolae_uskayaw_dance_hall, makhleb_heckhound_becter,
          fedhas_ov_isle_minmay, chequers_ossuary_entry_cave,
          nicolae_goblin_pals
D:5:      layout_basic

Skill      XL: |  1  2  3  4  5 |
---------------+----------------+-----
Fighting       | 4 5 |  5.2
Armour         | 4 5 |  5.4
Shields        | 4 |  4.2
Axes           | 3 4 5 |  5.7
Dodging        | 1 |  1.2
Stealth        | |  0.1

Action                     |  1- 3 |  4- 6 || total
---------------------------+-------+-------++-------
  Melee: War axe           |    78 |   129 ||   207
         Headbutt          |     8 |    11 ||    19
    Use: Scroll            |       |     1 ||     1
 Armour: Scale mail        |    43 |    28 ||    71
         Plate armour      |       |    57 ||    57
  Dodge: Dodged            |    34 |    48 ||    82
  Block: Buckler           |    12 |    27 ||    39

Table legend: (Time is in decaauts)
 A = Elapsed time spent in this place.
 B = Non-inter-level travel time spent in this place.
 C = Inter-level travel time spent in this place.
 D = Time resting spent in this place.
 E = Time spent auto-exploring this place.
 F = Levels seen in this place.
 G = Mean time per level.
                   A        B        C        D        E       F      G
               +--------+--------+--------+--------+--------+-----+--------+
         Total |   3081 |   2784 |    297 |      0 |   2238 |   5 |  616.2 |
       Dungeon |   3081 |   2784 |    297 |      0 |   2238 |   5 |  616.2 |
               +--------+--------+--------+--------+--------+-----+--------+

Top non-repeatable levels by time:
     D:4: 911 daAuts
     D:3: 732 daAuts
     D:1: 691 daAuts
     D:2: 642 daAuts
     D:5: 103 daAuts
